NYP
VERMONT LAKE MONSTERS @ TRI-CITY VALLEYCATS
07/25/2044
 
TOP OF THE 1ST
Vermont Lake Monsters batting - Pitching for Tri-City ValleyCats : RHP Moises Hernandez Jr.
Pitching: RHP Moises Hernandez Jr.
Batting: RHB Ricardo Mariscal 0-0: Ball
1-0: Ball
2-0: Ball
3-0: Called Strike
3-1: Base on Balls
Batting: RHB Carlos Martinez 0-0: Ball
1-0: Ball
2-0: Called Strike
2-1: Ball
3-1: Called Strike
3-2: Base on Balls
Ricardo Mariscal to second
Batting: LHB Henry Hutson 0-0: Ball
Ricardo Mariscal steals 3rd base
1-0: Ball
2-0: SINGLE (Flyball, 56D, EV 90.0 MPH)
Ricardo Mariscal scores
Carlos Martinez to second
Batting: LHB Cy Ostrowski 0-0: Ball
1-0: Called Strike
1-1: Foul Ball, location: 2F
1-2: Fly out, F8 (Flyball, 8LD, EV 83.1 MPH)
Batting: LHB Jose Zamarripa 0-0: Ball
Carlos Martinez steals 3rd base
1-0: Ball
2-0: Ball
3-0: Called Strike
3-1: Base on Balls
Henry Hutson to second
Batting: LHB Youp van Erp 0-0: Ball
1-0: Called Strike
1-1: Called Strike
1-2: Ball
2-2: Ball
3-2: Foul Ball, location: 2F
3-2: Base on Balls
Carlos Martinez scores
Henry Hutson to third
Jose Zamarripa to second
Batting: LHB Mario Cardona 0-0: Ball
1-0: Ball
2-0: Ball
3-0: Base on Balls
Henry Hutson scores
Jose Zamarripa to third
Youp van Erp to second
Batting: RHB Yasuzo Rin 0-0: Ball
1-0: Foul Ball, location: 2F
1-1: Swinging Strike
1-2: Foul Ball, location: 2F
1-2: Ball
2-2: Foul Ball, location: 2F
2-2: SINGLE (Flyball, 89M, EV 90.6 MPH)
Jose Zamarripa scores
Youp van Erp to third
Mario Cardona to second
Batting: RHB Liangde Tseng 0-0: SINGLE (Groundball, 56D, EV 98.1 MPH)
Youp van Erp scores
Mario Cardona to third
Yasuzo Rin to second
Batting: RHB Ricardo Mariscal 0-0: Called Strike
0-1: Ball
1-1: Ball
2-1: Foul Ball, location: 2F
2-2: Hit by Pitch
Mario Cardona scores
Yasuzo Rin to third
Liangde Tseng to second
Batting: RHB Carlos Martinez 0-0: Grounds into fielders choice 1-2 (Groundball, 15S, EV 73.1 MPH)
Liangde Tseng to third
Ricardo Mariscal to second
Batting: LHB Henry Hutson 0-0: Ball
1-0: Ball
2-0: Ball
3-0: Fly out, F9 (Flyball, 9LM, EV 88.1 MPH)
Top of the 1st over - 6 runs, 3 hits, 0 errors, 3 left on base; Vermont 6 - Tri-City 0
BOTTOM OF THE 1ST
Tri-City ValleyCats batting - Pitching for Vermont Lake Monsters : RHP Aaron Vallejo
Pitching: RHP Aaron Vallejo
Batting: RHB Justin Olmstead 0-0: Ball
1-0: Called Strike
1-1: Ground out 5-3 (Groundball, 56, EV 88.1 MPH)
Batting: LHB Jon Pope 0-0: Ball
1-0: Called Strike
1-1: Swinging Strike
1-2: Ball
2-2: Ball
3-2: Strikes out swinging
Batting: RHB Raul Sanchez 0-0: Ball
1-0: Called Strike
1-1: Ground out 5-3 (Groundball, 56, EV 105.0 MPH)
Bottom of the 1st over - 0 runs, 0 hits, 0 errors, 0 left on base; Vermont 6 - Tri-City 0
TOP OF THE 2ND
Vermont Lake Monsters batting - Pitching for Tri-City ValleyCats : RHP Moises Hernandez Jr.
Batting: LHB Cy Ostrowski 0-0: Foul Ball, location: 2F
0-1: Ball
1-1: Ball
2-1: Ball
3-1: Ground out 4-3 (Groundball, 4, EV 104.4 MPH)
Batting: LHB Jose Zamarripa 0-0: Called Strike
0-1: Foul Ball, location: 2F
0-2: TRIPLE (Flyball, 89XD, EV 100.0 MPH)
Batting: LHB Youp van Erp 0-0: Swinging Strike
0-1: Ground out 6-3 (Groundball, 6, EV 91.9 MPH)
Jose Zamarripa scores
Batting: LHB Mario Cardona 0-0: Foul Ball, location: 2F
0-1: Ball
1-1: Ball
2-1: Ball
3-1: Swinging Strike
3-2: Base on Balls
Batting: RHB Yasuzo Rin 0-0: Called Strike
0-1: Swinging Strike
0-2: Foul Ball, location: 2F
0-2: Strikes out swinging
Top of the 2nd over - 1 run, 1 hit, 0 errors, 1 left on base; Vermont 7 - Tri-City 0
BOTTOM OF THE 2ND
Tri-City ValleyCats batting - Pitching for Vermont Lake Monsters : RHP Aaron Vallejo
Batting: RHB Ramon Castellon 0-0: Called Strike
0-1: Ball
1-1: Foul Ball, location: 2F
1-2: Ball
2-2: Ball
3-2: Foul Ball, location: 2F
3-2: TRIPLE (Flyball, 89XD, EV 105.0 MPH)
Batting: RHB Evan Fry 0-0: SINGLE (Groundball, 56D, EV 105.0 MPH)
Ramon Castellon scores
Batting: RHB Jorge Gutierrez 0-0: Fielders Choice at 2nd, 5-4 (Groundball, 56S, EV 85.0 MPH)
Batting: RHB Ruben Pujols 0-0: Ball
Pickoff Throw to First - Out! 1-3
1-0: Called Strike
1-1: Swinging Strike
1-2: Strikes out swinging
Bottom of the 2nd over - 1 run, 2 hits, 0 errors, 0 left on base; Vermont 7 - Tri-City 1
TOP OF THE 3RD
Vermont Lake Monsters batting - Pitching for Tri-City ValleyCats : RHP Moises Hernandez Jr.
Batting: RHB Liangde Tseng 0-0: Ball
1-0: Foul Ball, location: 2F
1-1: Ball
2-1: Swinging Strike
2-2: Ball
3-2: Strikes out swinging
Pitching: RHP Justin Coney
Batting: RHB Ricardo Mariscal 0-0: Ball
1-0: Foul Ball, location: 2F
1-1: Foul Ball, location: 2F
1-2: Strikes out swinging
Batting: RHB Carlos Martinez 0-0: Ball
1-0: Called Strike
1-1: Ground out 6-3 (Groundball, 6, EV 103.8 MPH)
Top of the 3rd over - 0 runs, 0 hits, 0 errors, 0 left on base; Vermont 7 - Tri-City 1
BOTTOM OF THE 3RD
Tri-City ValleyCats batting - Pitching for Vermont Lake Monsters : RHP Aaron Vallejo
Batting: LHB Kyle Moore 0-0: Foul Ball, location: 2F
0-1: Ball
1-1: Ball
2-1: Ball
3-1: Fly out, F7 (Flyball, 78M, EV 88.8 MPH)
Batting: RHB Rob Baker 0-0: Ball
1-0: DOUBLE (Groundball, 5L, EV 97.5 MPH)
Batting: RHB Justin Olmstead 0-0: Called Strike
0-1: DOUBLE (Flyball, 89D, EV 95.6 MPH)
Rob Baker scores
Batting: LHB Jon Pope 0-0: Called Strike
0-1: Ball
1-1: Swinging Strike
1-2: Foul Ball, location: 2F
1-2: Ball
2-2: Fly out, F4 (Popup, 34D, EV 71.2 MPH)
Batting: RHB Raul Sanchez 0-0: Ball
1-0: DOUBLE (Line Drive, 78D, EV 106.2 MPH)
Justin Olmstead scores
Batting: RHB Ramon Castellon 0-0: Ball
1-0: Ground out U3 (Groundball, 13, EV 78.8 MPH)
Bottom of the 3rd over - 2 runs, 3 hits, 0 errors, 1 left on base; Vermont 7 - Tri-City 3
TOP OF THE 4TH
Vermont Lake Monsters batting - Pitching for Tri-City ValleyCats : RHP Justin Coney
Batting: LHB Henry Hutson 0-0: Fly out, F6 (Flyball, 6D, EV 84.4 MPH)
Batting: LHB Cy Ostrowski 0-0: Ball
1-0: Ball
2-0: Ball
3-0: Base on Balls
Batting: LHB Jose Zamarripa 0-0: Ball
1-0: Ball
2-0: Ball
3-0: Called Strike
3-1: Called Strike
3-2: Foul Ball, location: 2F
3-2: 2-RUN HOME RUN (Flyball, 89XD, EV 105.0 MPH), Distance : 422 ft
Pitching: RHP Mike Wirick
Batting: LHB Youp van Erp 0-0: Called Strike
0-1: Foul Ball, location: 2F
0-2: Strikes out swinging
Batting: LHB Mario Cardona 0-0: Ball
1-0: Ball
2-0: Ball
3-0: Base on Balls
Batting: RHB Yasuzo Rin 0-0: Swinging Strike
0-1: Fielders Choice at 2nd, 5-4 (Groundball, 56D, EV 84.4 MPH)
Top of the 4th over - 2 runs, 1 hit, 0 errors, 1 left on base; Vermont 9 - Tri-City 3
BOTTOM OF THE 4TH
Tri-City ValleyCats batting - Pitching for Vermont Lake Monsters : RHP Aaron Vallejo
Batting: RHB Evan Fry 0-0: Ball
1-0: Ball
2-0: Ball
3-0: Called Strike
3-1: Foul Ball, location: 2F
3-2: Strikes out swinging
Batting: RHB Jorge Gutierrez 0-0: DOUBLE (Line Drive, 7LM, EV 114.4 MPH)
Batting: RHB Ruben Pujols 0-0: Called Strike
Jorge Gutierrez steals 3rd base (no throw)
0-1: Ball
1-1: Foul Ball, location: 2F
1-2: Strikes out swinging
Batting: LHB Kyle Moore 0-0: Ball
1-0: Swinging Strike
1-1: Foul Ball, location: 2F
1-2: Ground out 3-1 (Groundball, 34, EV 83.8 MPH)
Bottom of the 4th over - 0 runs, 1 hit, 0 errors, 1 left on base; Vermont 9 - Tri-City 3
TOP OF THE 5TH
Vermont Lake Monsters batting - Pitching for Tri-City ValleyCats : RHP Mike Wirick
Batting: RHB Liangde Tseng 0-0: Ball
1-0: Ball
2-0: Ball
3-0: Called Strike
3-1: Base on Balls
Batting: RHB Ricardo Mariscal 0-0: Swinging Strike
0-1: Foul Ball, location: 2F
0-2: Ball
1-2: 2-RUN HOME RUN (Flyball, 89XD, EV 99.4 MPH), Distance : 394 ft
Pitching: RHP Jon Davis
Batting: RHB Carlos Martinez 0-0: Foul Ball, location: 2F
0-1: Ground out 6-3 (Groundball, 6M, EV 103.8 MPH)
Batting: LHB Henry Hutson 0-0: Ball
1-0: SOLO HOME RUN (Flyball, 78XD, EV 109.4 MPH), Distance : 410 ft
Batting: LHB Cy Ostrowski 0-0: Called Strike
0-1: Ball
1-1: Ball
2-1: Foul Ball, location: 2F
2-2: Hit by Pitch
Batting: LHB Jose Zamarripa 0-0: Called Strike
0-1: 2-RUN HOME RUN (Flyball, 7D, EV 91.2 MPH), Distance : 356 ft
Batting: LHB Youp van Erp 0-0: Foul Ball, location: 2F
0-1: Ball
1-1: Swinging Strike
1-2: Ball
2-2: Strikes out swinging
Batting: LHB Mario Cardona 0-0: Called Strike
0-1: SINGLE (Line Drive, 6D, EV 96.9 MPH)
Pitching: RHP Adam Behrens
Batting: RHB Yasuzo Rin 0-0: Ball
1-0: Swinging Strike
1-1: Called Strike
1-2: Hit by Pitch
Mario Cardona to second
Batting: RHB Liangde Tseng 0-0: Ball
Passed Ball!
Mario Cardona to third
Yasuzo Rin to second
1-0: Ball
Passed Ball!
Mario Cardona scores
Yasuzo Rin to third
2-0: Called Strike
2-1: Foul Ball, location: 2F
2-2: Ball
3-2: Strikes out swinging
Top of the 5th over - 6 runs, 4 hits, 0 errors, 1 left on base; Vermont 15 - Tri-City 3
BOTTOM OF THE 5TH
Tri-City ValleyCats batting - Pitching for Vermont Lake Monsters : RHP Aaron Vallejo
Batting: RHB Rob Baker 0-0: Fly out, F3 (Line Drive, 3, EV 70.0 MPH)
Batting: RHB Justin Olmstead 0-0: Swinging Strike
0-1: Called Strike
0-2: Strikes out looking
Batting: LHB Jon Pope 0-0: Foul Ball, location: 2F
0-1: Foul Ball, location: 2F
0-2: Foul Ball, location: 2F
0-2: Strikes out swinging
Bottom of the 5th over - 0 runs, 0 hits, 0 errors, 0 left on base; Vermont 15 - Tri-City 3
TOP OF THE 6TH
Vermont Lake Monsters batting - Pitching for Tri-City ValleyCats : RHP Adam Behrens
Batting: RHB Ricardo Mariscal 0-0: Ball
1-0: Ground out 4-3 (Groundball, 4, EV 103.1 MPH)
Batting: RHB Carlos Martinez 0-0: Ball
1-0: Foul Ball, location: 2F
1-1: Ball
2-1: Called Strike
2-2: Ball
3-2: Foul Ball, location: 2F
3-2: Foul Ball, location: 2F
3-2: Ground out 4-3 (Groundball, 4, EV 85.0 MPH)
Pitching: RHP Jayson Campbell
Batting: LHB Henry Hutson 0-0: Called Strike
0-1: Ball
1-1: Ball
2-1: Foul Ball, location: 2F
2-2: Ground out U3 (Groundball, 23, EV 85.6 MPH)
Top of the 6th over - 0 runs, 0 hits, 0 errors, 0 left on base; Vermont 15 - Tri-City 3
BOTTOM OF THE 6TH
Tri-City ValleyCats batting - Pitching for Vermont Lake Monsters : RHP Aaron Vallejo
Batting: RHB Raul Sanchez 0-0: SINGLE (Groundball, 56D, EV 96.2 MPH)
Batting: RHB Ramon Castellon 0-0: Ball
1-0: Foul Ball, location: 2F
1-1: Foul Ball, location: 2F
1-2: Strikes out swinging
Batting: RHB Evan Fry 0-0: Called Strike
0-1: Called Strike
0-2: SINGLE (Line Drive, 56D, EV 106.9 MPH)
Raul Sanchez to second
Batting: RHB Jorge Gutierrez 0-0: Fly out, F6 (Flyball, 6D, EV 95.0 MPH)
Batting: RHB Ruben Pujols 0-0: Called Strike
0-1: Ground out 4-3 (Groundball, 4, EV 100.0 MPH)
Bottom of the 6th over - 0 runs, 2 hits, 0 errors, 2 left on base; Vermont 15 - Tri-City 3
TOP OF THE 7TH
Vermont Lake Monsters batting - Pitching for Tri-City ValleyCats : RHP Jayson Campbell
Batting: LHB Cy Ostrowski 0-0: Ball
1-0: Foul Ball, location: 2F
1-1: Hit by Pitch
Batting: LHB Jose Zamarripa 0-0: SINGLE (Groundball, 4MD, EV 96.9 MPH)
Cy Ostrowski to second
Batting: LHB Youp van Erp 0-0: Ball
1-0: Called Strike
1-1: Ball
2-1: Ball
3-1: Base on Balls
Cy Ostrowski to third
Jose Zamarripa to second
Batting: LHB Mario Cardona 0-0: Ball
1-0: Ball
2-0: Fielders Choice at 2nd, 3-6 (Groundball, 3S, EV 81.9 MPH)
Cy Ostrowski scores
Jose Zamarripa to third
Batting: RHB Yasuzo Rin 0-0: Called Strike
0-1: Fielders Choice at 2nd, 4-6 (Groundball, 4, EV 85.6 MPH)
Jose Zamarripa scores
Pitching: LHP Mike Holloway
Batting: RHB Liangde Tseng 0-0: Ball
1-0: Reached on error, E1 (Groundball, 13S, EV 75.0 MPH)
Yasuzo Rin to third
Pinch Hitting: LHB Oscar Rodriguez 0-0: Ball
1-0: Ball
2-0: Swinging Strike
2-1: Called Strike
2-2: Ball
3-2: Strikes out looking
Top of the 7th over - 2 runs, 1 hit, 1 error, 2 left on base; Vermont 17 - Tri-City 3
BOTTOM OF THE 7TH
Tri-City ValleyCats batting - Pitching for Vermont Lake Monsters : RHP Aaron Vallejo
Now in RF: Oscar Rodriguez
Batting: LHB Kyle Moore 0-0: Ball
1-0: Foul Ball, location: 2F
1-1: Swinging Strike
1-2: Strikes out swinging
Batting: RHB Rob Baker 0-0: Swinging Strike
0-1: Ball
1-1: Called Strike
1-2: Fly out, F9 (Flyball, 9S, EV 89.4 MPH)
Batting: RHB Justin Olmstead 0-0: Foul Ball, location: 2F
0-1: Hit by Pitch
Batting: LHB Jon Pope 0-0: Called Strike
0-1: Called Strike
Justin Olmstead steals 2nd base (no throw)
0-2: Ball
1-2: Ball
2-2: Ground out 4-3 (Groundball, 4, EV 99.4 MPH)
Bottom of the 7th over - 0 runs, 0 hits, 0 errors, 1 left on base; Vermont 17 - Tri-City 3
TOP OF THE 8TH
Vermont Lake Monsters batting - Pitching for Tri-City ValleyCats : LHP Mike Holloway
Batting: RHB Carlos Martinez 0-0: Called Strike
0-1: Ground out U3 (Groundball, 3, EV 99.4 MPH)
Batting: LHB Henry Hutson 0-0: Called Strike
0-1: SINGLE (Line Drive, 6D, EV 96.2 MPH)
Pinch Hitting: RHB Casey Nicita 0-0: Ball
1-0: Ball
2-0: Called Strike
2-1: Fly out, F6 (Flyball, 56D, EV 80.0 MPH)
Batting: RHB Sergio Torres 0-0: Fly out, F9 (Line Drive, 9, EV 91.9 MPH)
Top of the 8th over - 0 runs, 1 hit, 0 errors, 1 left on base; Vermont 17 - Tri-City 3
BOTTOM OF THE 8TH
Tri-City ValleyCats batting - Pitching for Vermont Lake Monsters : RHP Aaron Vallejo
Now at 1B: Casey Nicita
Batting: RHB Raul Sanchez 0-0: Ball
1-0: Called Strike
1-1: Foul Ball, location: 2F
1-2: Ground out 5-3 (Groundball, 56, EV 84.4 MPH)
Batting: RHB Ramon Castellon 0-0: Called Strike
0-1: Fly out, F7 (Flyball, 7, EV 76.2 MPH)
Batting: RHB Evan Fry 0-0: Ball
1-0: Ball
2-0: Ball
3-0: Called Strike
3-1: Ground out 4-3 (Groundball, 4S, EV 83.8 MPH)
Bottom of the 8th over - 0 runs, 0 hits, 0 errors, 0 left on base; Vermont 17 - Tri-City 3
TOP OF THE 9TH
Vermont Lake Monsters batting - Pitching for Tri-City ValleyCats : LHP Mike Holloway
Batting: LHB Youp van Erp 0-0: Called Strike
0-1: Foul Ball, location: 2F
0-2: Ball
1-2: Ball
2-2: Ball
3-2: Strikes out swinging
Pinch Hitting: RHB Luis Restrepo 0-0: Ball
1-0: TRIPLE (Line Drive, 7D, EV 108.8 MPH)
Batting: RHB Yasuzo Rin 0-0: Ball
1-0: Fly out, F9 (Flyball, 9S, EV 83.1 MPH)
Batting: RHB Liangde Tseng 0-0: Ball
1-0: Ball
2-0: Ball
3-0: Called Strike
3-1: Swinging Strike
3-2: Base on Balls
Pitching: RHP Mike Koch
Batting: LHB Oscar Rodriguez 0-0: Foul Ball, location: 2F
0-1: Foul Ball, location: 2F
Balk!
Luis Restrepo scores
Liangde Tseng to second
0-2: Strikes out looking
Top of the 9th over - 1 run, 1 hit, 0 errors, 1 left on base; Vermont 18 - Tri-City 3
BOTTOM OF THE 9TH
Tri-City ValleyCats batting - Pitching for Vermont Lake Monsters : RHP Aaron Vallejo
Pitching: LHP David Hoch
Now at 3B: Luis Restrepo
Now at SS: Yasuzo Rin
Batting: RHB Jorge Gutierrez 0-0: Foul Ball, location: 2F
0-1: Ball
1-1: Foul Ball, location: 2F
1-2: Ball
2-2: Foul Ball, location: 2F
2-2: Ball
3-2: Base on Balls
Batting: RHB Ruben Pujols 0-0: SINGLE (Groundball, 5D, EV 102.5 MPH)
Jorge Gutierrez to second
Pinch Hitting: SHB Paskar Adegoke 0-0: Called Strike
0-1: Fly out, F9 (Flyball, 9, EV 88.8 MPH)
Batting: RHB Rob Baker 0-0: SINGLE (Groundball, 6D, EV 102.5 MPH)
Jorge Gutierrez to third
Ruben Pujols to second
Batting: RHB Justin Olmstead 0-0: Ball
1-0: Swinging Strike
1-1: Ball
2-1: Ball
3-1: Foul Ball, location: 7LSF, Error on foul ball, E7
3-2: Fly out, F8 (Line Drive, 8LM, EV 102.5 MPH)
Batting: LHB Jon Pope 0-0: DOUBLE (Flyball, 89D, EV 111.9 MPH)
Jorge Gutierrez scores
Ruben Pujols scores
Rob Baker to third
Batting: RHB Raul Sanchez 0-0: Called Strike
0-1: Ball
1-1: Swinging Strike
1-2: Ball
2-2: Strikes out swinging
Bottom of the 9th over - 2 runs, 3 hits, 1 error, 2 left on base; Vermont 18 - Tri-City 5
Thursday, March 31st , 2022 - OOTP Baseball 22.12 Build 89